 Dungeon Sprint DCSS version bcrawl-1.12-11-gb93c957c58 (webtiles) character file.

Game seed: 14818117736837627251

7567 Groucho the Imperceptible (level 11, -2/100 HPs)
             Began as a Felid Berserker on June 23, 2019.
             Was a Priest of Trog.
             Slain by a spriggan defender
             ... wielding a +3 lajatang of venom
              (42 damage)
             ... in the Dungeon (Sprint IV: "Fedhas' Mad Dash").
             The game lasted 00:15:33 (5797 turns).

Groucho the Imperceptible (Felid Berserker)         Turns: 5797, Time: 00:15:33

Health: -2/100     AC:  2    Str: 18    XL:     11   Next: 17%
Magic:  20/20      EV: 32    Int:  8    God:    Trog [***...]
Gold:   384        SH:  0    Dex: 20    Spells: 10/10 levels left
                                        Lives:  0   Deaths: 3

rFire    . . .     SeeInvis +     - Unarmed
rCold    . . .     Gourm    .   (shield unavailable)
rNeg     . . .     Faith    .   (armour unavailable)
rPois    .         Spirit   .   (helmet unavailable)
rElec    .         Reflect  .   (cloak restricted)
rCorr    .         Harm     .   (gloves unavailable)
MR       +++..     NoTele   +   (boots unavailable)
Stlth    ..........             h - amulet of invisibility {+Inv}
HPRegen  1.26/turn              (no ring)
MPRegen  0.17/turn              (no ring)

@: berserking, lethally poisoned (-2 -> -2), slightly contaminated,
regenerating, very quick
A: very small, no armour, no weapons or thrown items, stealth, claws 1, fangs 3,
see invisible, carnivore, speed 1, shaggy fur 2, slow metabolism 1, sharp paws
a: Berserk, Trog's Hand, Renounce Religion, Evoke Invisibility


You were in the Dungeon.
You worshipped Trog.
Trog was most pleased with you.
You were hungry.

You visited 1 branch You collected 664 gold pieces.
You spent 280 gold pieces at shops.

Inventory:

Jewellery
 h - the amulet of invisibility (around neck) {+Inv}
   (You found it in the Dungeon)

   [amulet of nothing]

   It lets you turn invisible.
 j - the amulet "Qirel" {RegenMP Int+2 Dex+2}
   (You found it in the Dungeon)

   [amulet of magic regeneration]

   It increases your magic regeneration.
   It affects your intelligence (+2).
   It affects your dexterity (+2).
 k - the ring of Free Will {Ice *Corrode +Inv rPois rN+}
   (You found it in the Dungeon)

   [ring of ice]

   It enhances your ice magic.
   It makes you vulnerable to fire.
   It protects you from cold.
   It protects you from poison.
   It protects you from negative energy.
   It lets you turn invisible.
   It may corrode you when you take damage.
Wands
 f - a wand of paralysis (11)
 g - a wand of disintegration (11)
 i - a wand of scattershot (8)
Potions
 b - a potion of curing
 c - a potion of heal wounds
 d - a potion of haste
 e - 2 potions of magic


   Skills:
 + Level 12.3 Fighting
 + Level 15.4 Dodging
 + Level 21.8 Stealth
 + Level 14.3 Unarmed Combat
 - Level 11.2 Evocations


You had 10 spell levels left.
You didn't know any spells.
Your spell library was empty.

Dungeon Overview and Level Annotations

Branches:
Dungeon (1/1)

Altars:
Cheibriados
Dithmenos
Elyvilon
Gozag
Hepliaklqana
Kikubaaqudgha
Lugonu
Makhleb
Nemelex Xobeh
Okawaru
Qazlal
Ru
Sif Muna
Trog
Uskayaw
Vehumet
Wu Jian
Xom
Yredelemnul
Zin
The Shining One
Beogh
Jiyva

Shops:
D =[[=!%}:(}:!%(:%}*%!=


Innate Abilities, Weirdness & Mutations

You cannot wear almost all types of armour.
You are incapable of wielding weapons or throwing items.
Your paws allow you to move quietly. (Stealth)
You have sharp claws.
You have razor-sharp teeth.
You have supernaturally acute eyesight. (SInv)
You are carnivorous and can eat meat at any time.
You cover ground quickly.
You are covered in thick fur. (AC +2)
You have a slow metabolism.
Your sharp claws are effective at attacking unaware monsters.


Message History

You miss the spriggan defender. Your claw misses the spriggan defender.
Your bite misses the spriggan defender.
The spriggan defender is lightly wounded.
You feel sick.
You miss the spriggan defender.
The spriggan defender is lightly wounded.
The spriggan defender completely misses you.
You barely miss the spriggan defender. Your bite misses the spriggan defender.
The spriggan defender is lightly wounded.
You feel sick. The queen bee completely misses you.
The spriggan defender completely misses you.
The spriggan druid calls out to the beasts of the wild!
Unknown command.
You miss the spriggan defender. Your bite misses the spriggan defender.
The spriggan defender is lightly wounded.
You scratch the spriggan defender.
The spriggan defender is lightly wounded.
You feel sick. The queen bee completely misses you.
The spriggan defender hits you with a +3 lajatang of venom!!!
You die...

###########
####### #....[###
...P..'.#
.....)###
##########
.........#########
.........'.....y.#
.........#######@#
########## #####i#
.♣..♣..♣.i#
......)...#
.♣..♣..♣..#
#######


You could see a spriggan defender, a spriggan druid and a queen bee.

Vanquished Creatures
  Agnes (D)
  A ghost moth (D)
  A spriggan druid (D)
  14 oklob plants (D)
  3 demonic crawlers (D)
  A wandering mushroom (D)
  A queen bee (D)
  2 burning bushes (D)
  2 hornets (D)
  2 spriggans (D)
  4 killer bees (D)
  5 oklob saplings (D)
  2 worker ants (D)
  A river rat (D)
  A rat (D)
  4 ballistomycetes (D)
  A bush (D)
46 creatures vanquished.

Vanquished Creatures (collateral kills)
  A spriggan defender (D)
  2 spriggan berserkers (D)
  9 oklob plants (D)
  A burning bush (D)
  2 wandering mushrooms (D)
  4 hornets (D)
  6 spriggans (D)
  2 scorpions (D)
  A ballistomycete (D)
  A ballistomycete spore (D)
29 creatures vanquished.

Vanquished Creatures (others)
  2 ballistomycetes (D)
  A ballistomycete spore (D)
  8 fungi (D)
11 creatures vanquished.

Grand Total: 86 creatures vanquished

Notes
Turn   | Place    | Note
-------+----------+-------------------------------------------
     0 | D        | Groucho the Felid Berserker began the quest for the Orb.
     0 | D        | Reached XP level 1. HP: 12/12 MP: 2/2
     4 | D        | Reached skill level 2 in Stealth
     4 | D        | Reached skill level 4 in Stealth
   120 | D        | Reached skill level 7 in Stealth
   120 | D        | Reached XP level 2. HP: 16/16 MP: 3/3
   120 | D        | Noticed an oklob sapling
   121 | D        | Killed an oklob sapling
   121 | D        | Reached ** piety under Trog
   123 | D        | Reached skill level 8 in Stealth
   123 | D        | Reached XP level 3. HP: 20/20 MP: 4/4
   124 | D        | Found the amulet of invisibility {+Inv}
   149 | D        | Reached skill level 9 in Stealth
   149 | D        | Noticed an oklob sapling
   152 | D        | Killed an oklob sapling
   292 | D        | Found an opulent altar of Gozag.
   292 | D        | Found a hazy altar of Hepliaklqana.
   292 | D        | Found a burning altar of Makhleb.
   292 | D        | Found a roughly hewn altar of Beogh.
   292 | D        | Found a sparkling altar of Nemelex Xobeh.
   292 | D        | Found a snail-covered altar of Cheibriados.
   292 | D        | Found a sacrificial altar of Ru.
   292 | D        | Found a deep blue altar of Sif Muna.
   292 | D        | Found a shimmering altar of Xom.
   292 | D        | Found a basalt altar of Yredelemnul.
   293 | D        | Found a viscous altar of Jiyva.
   293 | D        | Found a bloodstained altar of Trog.
   293 | D        | Found an ornate altar of the Wu Jian Council.
   293 | D        | Reached skill level 11 in Stealth
   293 | D        | Reached XP level 4. HP: 24/24 MP: 5/5
   293 | D        | Noticed an oklob sapling priest
   310 | D        | Found an iron altar of Okawaru.
   310 | D        | Found a shadowy altar of Dithmenos.
   310 | D        | Found a glowing silver altar of Zin.
   311 | D        | Found an ancient bone altar of Kikubaaqudgha.
   311 | D        | Found a hide-covered altar of Uskayaw.
   312 | D        | Found a stormy altar of Qazlal.
   312 | D        | Found a white marble altar of Elyvilon.
   312 | D        | Found a glowing golden altar of the Shining One.
   313 | D        | Found a corrupted altar of Lugonu.
   313 | D        | Found a radiant altar of Vehumet.
   316 | D        | Killed an oklob sapling priest
   327 | D        | Reached *** piety under Trog
   362 | D        | Reached skill level 15 in Stealth
   362 | D        | Reached XP level 5. HP: 28/28 MP: 3/6
   362 | D        | Noticed a queen bee
   363 | D        | Gained mutation: You are covered in thick fur. (AC +2)
                  | [Felid growth]
   363 | D        | Reached XP level 6. HP: 32/32 MP: 3/7
   365 | D        | Reached skill level 16 in Stealth
   662 | D        | HP: 2/48 [poisoned by a killer bee]
   663 | D        | Mangled by a killer bee
   664 | D        | Reached XP level 5. HP: -8/42 MP: 6/6
   981 | D        | Killed a queen bee
   987 | D        | Reached **** piety under Trog
  1112 | D        | Reached skill level 5 in Dodging
  1112 | D        | Reached skill level 17 in Stealth
  1112 | D        | Reached skill level 5 in Unarmed Combat
  1112 | D        | Reached XP level 6. HP: 33/33 MP: 7/7
  1112 | D        | Noticed a burning bush
  1115 | D        | Killed a burning bush
  1128 | D        | Noticed a burning bush
  1128 | D        | Reached skill level 5 in Fighting
  1128 | D        | Reached XP level 7. HP: 39/39 MP: 5/8
  1128 | D        | Noticed an oklob plant
  1129 | D        | Noticed a wandering mushroom
  1130 | D        | Killed a burning bush
  1135 | D        | Killed an oklob plant
  1139 | D        | Killed a wandering mushroom
  1139 | D        | Reached ***** piety under Trog
  1495 | D        | Reached skill level 18 in Stealth
  1495 | D        | Reached XP level 8. HP: 45/45 MP: 9/9
  1495 | D        | Noticed a spriggan druid
  1496 | D        | Killed a spriggan druid
  1536 | D        | Noticed an oklob plant conjurer
  1537 | D        | Killed an oklob plant conjurer
  2117 | D        | Reached skill level 5 in Evocations
  2117 | D        | Noticed an oklob plant
  2117 | D        | Noticed an oklob plant summoner
  2655 | D        | Noticed an oklob plant shifter
  2659 | D        | Killed an oklob plant
  2661 | D        | Killed an oklob plant summoner
  2664 | D        | Killed an oklob plant shifter
  2664 | D        | Reached ****** piety under Trog
  2671 | D        | Noticed a demonic crawler
  2673 | D        | Killed a demonic crawler
  2675 | D        | Reached skill level 10 in Evocations
  2675 | D        | Reached XP level 9. HP: 50/50 MP: 14/17
  2675 | D        | Noticed a spriggan rider
  2676 | D        | Found Luropt's Distillery.
  2681 | D        | Found Dagudeh's Jewellery Shoppe.
  2687 | D        | Killed a hornet
  2787 | D        | Noticed an oklob plant
  2791 | D        | Killed an oklob plant
  3171 | D        | Found Vahuez's Book Shop.
  3171 | D        | Found Zavul's Weapon Emporium.
  3178 | D        | Reached skill level 10 in Dodging
  3178 | D        | Noticed a burning bush
  3178 | D        | Noticed a wandering mushroom
  3179 | D        | Noticed a wandering mushroom
  3183 | D        | Killed a wandering mushroom
  3186 | D        | Killed a burning bush
  3443 | D        | Found Kosh's Food Emporium.
  3443 | D        | Found Dureuk's Assorted Antiques.
  3447 | D        | Got a clouded granite ring
  3454 | D        | Identified the ring of Free Will {Ice *Corrode +Inv rPois
                  | rN+} (You found it in the Dungeon)
  3527 | D        | Reached skill level 19 in Stealth
  3527 | D        | Reached skill level 10 in Unarmed Combat
  3527 | D        | Reached XP level 10. HP: 57/57 MP: 19/19
  3527 | D        | Noticed Agnes
  3528 | D        | Found Dasesawk's Food Emporium.
  3528 | D        | Found Epicleoh's Gadget Shoppe.
  3529 | D        | Killed Agnes
  3531 | D        | Noticed a spriggan defender
  3543 | D        | HP: 1/58 [spriggan defender/+0 rapier of venom (16)]
  3544 | D        | Succumbed to a spriggan defender's poison
  3545 | D        | Found Edur's Food Shop.
  3545 | D        | Found Sizong's Distillery.
  3545 | D        | Reached XP level 9. HP: -2/53 MP: 18/18
  3545 | D        | Noticed an oklob plant summoner
  3548 | D        | Killed an oklob plant summoner
  3895 | D        | Noticed a spriggan rider
  3895 | D        | Noticed a hornet
  3895 | D        | Noticed a demonic crawler
  3895 | D        | Noticed a hornet
  3909 | D        | Killed a demonic crawler
  3973 | D        | Reached skill level 20 in Stealth
  3973 | D        | Noticed a spriggan rider
  3978 | D        | Killed a spriggan rider
  3978 | D        | Killed a hornet
  3979 | D        | Killed a hornet
  3982 | D        | Shot with an arrow by a spriggan rider
  3983 | D        | Reached XP level 8. HP: -6/75 MP: 17/17
  4113 | D        | Reached skill level 10 in Fighting
  4113 | D        | Noticed a demonic crawler
  4127 | D        | Killed a demonic crawler
  4156 | D        | Reached XP level 9. HP: 54/54 MP: 18/18
  4156 | D        | Noticed a spriggan berserker
  4167 | D        | Killed a spriggan berserker
  4177 | D        | Killed a hornet
  4181 | D        | Killed a hornet
  4185 | D        | Noticed a hornet
  4188 | D        | Killed a hornet
  4207 | D        | Found Toetawnok's Antique Armour Boutique.
  4207 | D        | Found Raiseoq's Antique Armour Emporium.
  4207 | D        | Found Nafut's Jewellery Shoppe.
  4207 | D        | Noticed an oklob plant meteorologist
  4244 | D        | Noticed an oklob plant shifter
  4248 | D        | Killed an oklob plant meteorologist
  4261 | D        | Killed an oklob plant shifter
  4345 | D        | Noticed a ghost moth
  4369 | D        | Killed a ghost moth
  4804 | D        | Found Afyshaq's Distillery.
  4804 | D        | Found Reusmy's Food Boutique.
  4804 | D        | Found Dogei's Book Emporium.
  4808 | D        | Found Wyiwn's Jewellery Shop.
  4818 | D        | Found Qiur's Gadget Shoppe.
  4834 | D        | Found Pautol's Gadget Emporium.
  4834 | D        | Found Rato's Book Shop.
  4834 | D        | Found Jimiwk's Antique Weapon Boutique.
  4854 | D        | Bought a wand of paralysis (11) for 130 gold pieces
  4856 | D        | Bought a wand of disintegration (11) for 150 gold pieces
  4860 | D        | Noticed an oklob plant
  4860 | D        | Reached XP level 10. HP: 60/60 MP: 19/19
  4860 | D        | Noticed an oklob plant
  4860 | D        | Noticed an oklob plant
  4860 | D        | Noticed an oklob plant
  4860 | D        | Noticed an oklob plant
  4860 | D        | Reached skill level 21 in Stealth
  4860 | D        | Noticed an oklob plant
  4866 | D        | Noticed an oklob plant
  4867 | D        | Killed an oklob plant
  4868 | D        | Noticed an oklob plant
  4869 | D        | Killed an oklob plant
  4872 | D        | Noticed an oklob plant
  4873 | D        | Noticed an oklob plant
  4875 | D        | Noticed an oklob plant
  4875 | D        | Killed an oklob plant
  4876 | D        | Noticed an oklob plant
  4878 | D        | Killed an oklob plant
  4878 | D        | Killed an oklob plant
  4881 | D        | Killed an oklob plant
  4885 | D        | Killed an oklob plant
  4888 | D        | Killed an oklob plant
  4890 | D        | Killed an oklob plant
  4892 | D        | Killed an oklob plant
  4895 | D        | Killed an oklob plant
  4896 | D        | Killed an oklob plant
  5290 | D        | Noticed an oklob plant annihilator
  5294 | D        | Noticed an oklob plant demonologist
  5295 | D        | Noticed a spriggan berserker
  5316 | D        | Killed a spriggan berserker
  5692 | D        | Killed an oklob plant annihilator
  5695 | D        | Killed an oklob plant demonologist
  5701 | D        | Got a scorched garnet amulet
  5703 | D        | Identified the amulet "Qirel" {RegenMP Int+2 Dex+2} (You
                  | found it in the Dungeon)
  5768 | D        | Reached skill level 15 in Dodging
  5768 | D        | Reached XP level 11. HP: 66/66 MP: 18/20
  5768 | D        | Noticed a spriggan defender
  5768 | D        | Noticed a spriggan defender
  5776 | D        | Killed a spriggan defender
  5783 | D        | Noticed a spriggan druid
  5797 | D        | Slain by a spriggan defender

Skill      XL: |  1  2  3  4  5  6  7  8  9 10 |
---------------+-------------------------------+-----
Stealth        | 7 8 11 15 17 16 18 20 21 | 21.8
Fighting       | 4 5 6 10 8 12 | 12.3
Dodging        | 5 7 9 13 15 | 15.4
Unarmed Combat | 5 7 8 12 14 | 14.3
Evocations     | 10 11 | 11.2

Action                   |  1- 3 |  4- 6 |  7- 9 | 10-12 || total
-------------------------+-------+-------+-------+-------++-------
Melee: Unarmed           |     5 |    28 |    72 |    47 ||   152
       Punch             |       |     1 |    10 |     6 ||    17
       Bite              |       |       |    10 |     7 ||    17
Invok: Trog's Hand       |       |     1 |     3 |     2 ||     6
       Berserk           |       |     1 |     4 |     1 ||     6
       Brothers in Arms  |       |       |     8 |    10 ||    18
 Abil: Evoke Invisibilit |     1 |     3 |     2 |     4 ||    10
Evoke: Phantom mirror    |       |       |     1 |       ||     1
  Use: Potion            |       |     2 |       |       ||     2
       Scroll            |       |       |     2 |     1 ||     3
 Stab: Sleeping          |     5 |     3 |    11 |     4 ||    23
       Invisible         |       |     1 |     2 |     5 ||     8
  Eat: Chunk             |     1 |       |     6 |       ||     7
       Ration            |       |       |     1 |     4 ||     5
Armor: Skin              |       |     2 |     1 |       ||     3
Dodge: Dodged            |       |    31 |    64 |    23 ||   118
